AoeStats
← DBooza

Nomad

505957615Analyzed
3v3 RM · 21d ago on Sep 11, 2026· 43m 4s· 6 players
Game mode
Random Map
Map size
210×210
Population
200
Speed
Normal
Resources
Standard
Victory
Conquest
Starting age
Dark Age
Ending age
Imperial Age
RankedLock teamsTeams togetherTeam positionsShared explorationLock speedFull tech treeHidden civsTurbo modeCheats
Victory
Defeat
🇬🇧 Spanish · United Kingdom
1366
+16
🇬🇧 Burgundians · United Kingdom
1363
+16
🇫🇷 Magyars · France
1347
+16
🇻🇳 Cumans · Vietnam
1391
-17
1385
-17
🇻🇳 Japanese · Vietnam
1318
-14
DBooza
3:29 Loom
4:10 Loom
14:07 Feudal Age
21:21 Castle Age
26:45 Double-Bit Axe
30:48 Fletching
31:19 Padded Archer Armor
31:47 Bodkin Arrow
31:26 Pikeman
33:10 Wheelbarrow
37:27 Imperial Age
35:32 Padded Archer Armor
37:46 Bow Saw
38:23 Town Watch
39:37 Conscription
41:27 Leather Archer Armor
42:38 Ring Archer Armor
ryocallan
10:42 Double-Bit Axe
11:41 Loom
13:43 Feudal Age
18:03 Castle Age
16:47 Bow Saw
17:27 Horse Collar
19:20 Town Watch
21:09 Two-Man Saw
21:09 Wheelbarrow
21:52 Stone Mining
23:11 Wheelbarrow
26:00 Stone Shaft Mining
27:27 Gold Mining
28:39 Hand Cart
31:09 Imperial Age
29:31 Gold Shaft Mining
29:04 Scale Barding Armor
29:08 Cavalier
29:48 Husbandry
30:31 Heavy Plow
31:15 Chain Barding Armor
31:24 Forging
31:34 Paladin
34:11 Plate Barding Armor
37:31 Iron Casting
42:40 Blast Furnace
Maximanus
5:11 Loom
12:42 Feudal Age
13:33 Town Watch
16:49 Castle Age
15:08 Fishing Lines
15:23 Double-Bit Axe
15:48 Horse Collar
17:51 Bow Saw
19:20 Scale Barding Armor
20:26 Heavy Plow
24:16 Chain Barding Armor
30:23 Fletching
31:29 Bodkin Arrow
37:22 Wheelbarrow
37:15 Gold Mining
41:18 Imperial Age
39:30 Corvinian Army
40:05 Padded Archer Armor
40:42 Hand Cart
41:29 Ballistics
42:19 Conscription
42:33 Parthian Tactics
43:16 Recurve Bow
44:03 Plate Barding Armor
43:28 Bracer
TạNgànCân
5:01 Loom
12:40 Feudal Age
14:15 Fishing Lines
15:06 Double-Bit Axe
16:38 Horse Collar
19:41 Wheelbarrow
21:26 Gold Mining
25:29 Castle Age
24:21 Town Watch
26:12 Heavy Plow
26:25 Bow Saw
26:22 Scale Barding Armor
26:28 Forging
26:59 Bloodlines
27:35 Gold Shaft Mining
28:10 Chain Barding Armor
28:06 Gillnets
28:10 Light Cavalry
30:06 Iron Casting
29:43 Stone Mining
37:55 Imperial Age
36:53 Hand Cart
38:00 Cavalier
39:45 Blast Furnace
39:27 Fletching
40:44 Paladin
Nhà vô địt Chow 007
4:31 Loom
12:37 Feudal Age
13:51 Double-Bit Axe
17:32 Wheelbarrow
17:59 Fishing Lines
19:04 Forging
23:59 Castle Age
22:31 Scale Barding Armor
22:18 Gold Mining
26:15 Chain Barding Armor
26:31 Iron Casting
25:44 Horse Collar
27:24 Bloodlines
27:15 Husbandry
29:27 Gillnets
30:34 Medium Warships
37:12 Imperial Age
36:44 Stirrups
38:14 Cavalier
TanLN
4:43 Loom
13:44 Feudal Age
14:43 Double-Bit Axe
18:22 Forging
21:29 Castle Age
23:15 Iron Casting
22:56 Medium Warships
23:31 Scale Mail Armor
27:52 Chain Mail Armor
29:39 Fishing Lines
31:06 Bow Saw
32:25 Gold Mining
33:42 Wheelbarrow
33:06 Stone Mining
35:52 Squires
40:08 Imperial Age
Connection lost

Rejoining the realm…

Still unreachable

The connection could not be restored.

Session expired

The server has moved on; the page needs a fresh start.